 Dungeon Crawl Stone Soup version 0.14-a0-2080-ge317583 (webtiles) character file.

388 Piginabag the Skirmisher (level 5, -6/53 HPs)
             Began as a Draconian Wanderer on Jan 24, 2014.
             Killed from afar by a centaur skeleton (30 damage)
             ... with an exploding inner flame
             ... on Level 6 of the Dungeon.
             The game lasted 00:06:56 (3256 turns).

Piginabag the Skirmisher (Draconian Wanderer)       Turns: 3256, Time: 00:06:57

HP  -6/53        AC  8     Str 17      XL: 5   Next: 90%
MP   5/5         EV 11     Int 18      God:
Gold 134         SH  0     Dex 11      Spells:  0 memorised,  4 levels left

rFire  . . .     SeeInvis .     F - +7,+4 war axe "Naeti" {chop, Int+3}
rCold  . . .     Clarity  .     (armour unavailable)
rNeg   . . .     Conserve .     (no shield)
rPois  .         rCorr    +     (helmet restricted)
rElec  .         rRot     .     (no cloak)
SustAb + .       Spirit   .     r - +2 pair of gloves {archer}
rMut   .         Warding  .     (no boots)
Saprov . . .     Stasis   .     s - cursed amulet of resist corrosion
MR     .....                    (no ring)
                                g - ring of sustain abilities

@: brilliant, not resistant to hostile enchantments, unstealthy
A: unfitting armour, AC +5
a: no special abilities


You were on level 6 of the Dungeon.
You were hungry.

You visited 1 branch of the dungeon, and saw 6 of its levels.

You collected 134 gold pieces.

Inventory:

Hand weapons
 a - a +3,+4 spear
 F - the +7,+4 war axe "Naeti" (weapon) {chop, Int+3}
   (You found it on level 5 of the Dungeon)

   It inflicts extra damage upon your enemies.
   It affects your intelligence (+3).
Armour
 r - a +2 pair of gloves of archery (worn)
Magical devices
 e - a wand of slowing (15) {unknown}
 v - a wand of disintegration (17) {unknown}
 y - a wand of flame (16) {unknown}
 E - a wand of flame (11) {unknown}
Comestibles
 d - 5 bread rations
 f - a pear
 j - 2 meat rations
 z - 2 cheeses
Scrolls
 i - a scroll of amnesia
 k - a scroll of enchant weapon I
 m - a scroll of recharging {unknown}
 n - 3 scrolls of remove curse {unknown}
 o - 3 scrolls of noise
Jewellery
 g - a ring of sustain abilities (left hand)
 s - a cursed amulet of resist corrosion (around neck)
 D - an uncursed amulet of resist mutation {unknown}
Potions
 h - a potion of magic
Books
 x - a book of Control

   Spells                             Type                      Level
   Control Teleport                   Charms/Translocation         4
   Control Undead                     Necromancy                   4
   Enslavement                        Hexes                        4
   Mass Confusion                     Hexes                        6
   Metabolic Englaciation             Hexes/Ice                    6


   Skills:
 - Level 7.9 Fighting
 - Level 2.0 Polearms
   Level 1.0 Crossbows
 - Level 1.0 Dodging
   Level 1.0 Shields
 - Level 1.0 Evocations


You had 4 spell levels left.
You didn't know any spells.

Dungeon Overview and Level Annotations

Branches:
Dungeon (6/16)
 Temple: D:4-7

Altars:
Nemelex Xobeh
Sif Muna
Yredelemnul
Zin

Annotations:
D:3 exclusion: downstairs


Message History

You feel refreshed.
It was a potion of restore abilities.
The centaur skeleton hits you but does no damage.
Drink which item? (? for menu, Esc to quit)
You feel much better.
It was a potion of heal wounds.
The centaur skeleton hits you but does no damage.
You hit the centaur skeleton. You tail-slap the centaur skeleton.
The centaur skeleton barely misses you.
The crimson imp picks up a beetle and eats it.
You hit the centaur skeleton. You tail-slap the centaur skeleton.
The centaur skeleton closely misses you.
The centaur skeleton hits you but does no damage.
You hit the centaur skeleton.
The centaur skeleton completely misses you.
The centaur skeleton hits you.
You slash the centaur skeleton!
The centaur skeleton explodes!
The fiery explosion engulfs you!
Your scroll of enchant weapon II catches fire!
Ouch! That really hurt!
You die...

*************** **
*,,,,,,,,,,,,,, ********,*
*,* ******* *** *,,,,,,,,*
*,* * ** ***,* * * **
**+**** *,###*,* ** **,
*,,,,,,,*,#.#*,##******,,,*,
*,,, ,,,*,#@#*>. ,,,,,,,,,+,
*,,, ,,,#,#ยง#*.#*
*****,,,*, *,, ,,
,#.#U##.#####***,,,*, **
,,,,,,,#.#c5....5...*******
*,, ,,,
**#............,,,,,,,
,,,,,,, *#.#.##.#####.***
*** *,,,,,,,,,#.#.# .# *,*
*,,, ,,,*,#,#.# ,# * * *,,
,, ,*,*,#.#*,* * *+***


You could see a black bear (inner flame), a centaur (inner flame) and a crimson
imp.

Vanquished Creatures
  A hound (D:4)
  An iguana (D:5)
  An orc wizard (D:4)
  2 ogre skeletons (D:4)
  2 adders (D:2)
  A giant mite (D:2)
  2 giant eyeballs
  16 orcs
  7 giant cockroaches
  5 goblins
  4 hobgoblins
  6 jackals
  5 kobolds
  2 quokkas
  10 bats
  4 giant geckos
  3 giant newts
  A hobgoblin skeleton (D:4)
  30 rats
103 creatures vanquished.

Notes
Turn   | Place    | Note
--------------------------------------------------------------
     0 | D:1      | Piginabag, the Draconian Wanderer, began the quest for the Orb.
     0 | D:1      | Reached XP level 1. HP: 22/22 MP: 1/1
   143 | D:1      | Reached XP level 2. HP: 28/28 MP: 2/2
   163 | D:1      | Reached skill level 5 in Fighting
   673 | D:2      | Reached XP level 3. HP: 36/36 MP: 3/3
   896 | D:2      | Reached skill level 6 in Fighting
  1409 | D:3      | Reached XP level 4. HP: 33/44 MP: 4/4
  1605 | D:3      | Found a sparkling altar of Nemelex Xobeh.
  2174 | D:4      | Reached skill level 7 in Fighting
  2174 | D:4      | Reached XP level 5. HP: 49/52 MP: 5/5
  2242 | D:4      | Noticed an ogre
  2492 | D:4      | Found a basalt altar of Yredelemnul.
  2498 | D:4      | Found a glowing silver altar of Zin.
  2498 | D:4      | Found a deep blue altar of Sif Muna.
  2795 | D:5      | Entered Level 5 of the Dungeon
  2934 | D:5      | Got an iridescent war axe
  2935 | D:5      | Identified the +7,+4 war axe "Naeti" {chop, Int+3} (You found it on level 5 of the Dungeon)
  2954 | D:5      | Noticed a trapdoor spider
  3221 | D:6      | Noticed a centaur
  3223 | D:6      | Noticed a black bear
  3256 | D:6      | Killed from afar by a centaur skeleton

Action                   |  1- 3 |  4- 6 || total
-------------------------+-------+-------++-------
Melee: Spear             |   148 |   184 ||   332
       War axe           |       |     6 ||     6
  Use: Scroll            |       |    15 ||    15
       Potion            |       |     6 ||     6
